 Dungeon Crawl Stone Soup version 0.26.0-16-gc1dbca0489 (webtiles) character file.

Game seed: 15648176809783266550

18 kaeus the Firebug (level 2, 0/17 HPs)
             Began as an Octopode Fire Elementalist on Jan 22, 2021.
             Splashed by a jelly's acid (9 damage)
             ... on level 2 of the Dungeon.
             The game lasted 00:00:42 (1280 turns).

kaeus the Firebug (Octopode Fire Elementalist)      Turns: 1280, Time: 00:00:42

Health: 0/17       AC: -7    Str:  7    XL:     2   Next: 70%
Magic:  3/5        EV: 13    Int: 17    God:
Gold:   212        SH:  0    Dex: 12    Spells: 4/5 levels left

rFire    . . .     SeeInvis .   b - +0 dagger
rCold    . . .     Faith    .   (no shield)
rNeg     + . .     Spirit   .   (helmet restricted)
rPois    .         Reflect  .   (no amulet)
rElec    .         Harm     .   d - ring of positive energy
rCorr    .         Rampage  .   (no ring)
Will     .....                  (no ring)
Stlth    +++.......             (no ring)
HPRegen  0.05/turn              (no ring)
MPRegen  0.09/turn              (no ring)
                                (no ring)
                                (no ring)

@: corroded
A: almost no armour, stealthy swim, amphibious, 8 rings, constrict 8, camouflage
1, gelatinous body 1
a: no special abilities


You were on level 2 of the Dungeon.
You visited 1 branch of the dungeon, and saw 2 of its levels.

You collected 212 gold pieces.

Inventory:

Hand Weapons
 b - a +0 dagger (weapon)
Jewellery
 d - a ring of positive energy (left tentacle)
Scrolls
 a - 2 scrolls of identify {unknown}
Potions
 c - a potion of degeneration {unknown}
 e - a potion of lignification {unknown}
 f - a potion of brilliance {unknown}


   Skills:
 + Level 2.2 Dodging
 + Level 3.1 Stealth
 + Level 2.2 Spellcasting
 + Level 1.4 Conjurations
 + Level 3.1 Fire Magic


You had 4 spell levels left.
You knew the following spells:

 Your Spells              Type           Power        Failure   Level
a - Foxfire               Conj/Fire      36%          8%          1

Your spell library contained the following spells:

 Spells                   Type           Power        Failure   Level
 Conjure Flame            Conj/Fire      9%           22%         3
 Inner Flame              Hex/Fire       7%           30%         3
 Sticky Flame             Conj/Fire      9%           58%         4
 Fireball                 Conj/Fire      4%           90%         5


Dungeon Overview and Level Annotations

Branches:
Dungeon (2/15)

Altars:


Innate Abilities, Weirdness & Mutations

You cannot wear most types of armour.
You are very stealthy in the water. (Stealth+)
You are amphibious.
You can wear up to eight rings at the same time.
You can use your tentacles to constrict eight enemies at once.
Your skin changes colour to match your surroundings (Stealth+).
Your rubbery body absorbs attacks. (AC +1, EV +1)


Message History

You conjure some foxfire!
The foxfire hits the jelly.
The jelly is lightly wounded.
The jelly quivers.
The foxfire hits the jelly.
The jelly is moderately wounded.
You now have 3/5 mp.
A jelly is nearby!
You hit the jelly. The acid corrodes you!
Your tentacles burn!
The jelly is heavily wounded.
The foxfire hits the jelly.
The jelly is severely wounded.
The foxfire hits the jelly.
The jelly is almost dead.
You take 4 damage, and have 13/17 hp.
MASSIVE DAMAGE!!
A jelly is nearby!
You hit the jelly but do no damage.
Your tentacles burn!
The jelly is almost dead.
The jelly hits you. The acid corrodes you!
You are splashed with acid!
Ouch! That really hurt!
You die...

#.# #.# #.#
#.# #.## #..
#.###.###.#
#...§@J...#
#...§..=###
.............
###.......####
#.......#
#########


You could see a jelly.

Vanquished Creatures
  A leopard gecko (D:1)
  2 hobgoblins (D:1)
  5 jackals (D:1)
  A ball python (D:1)
  2 bats (D:1)
  A frilled lizard (D:1)
  2 goblins (D:1)
  2 rats (D:1)
  A toadstool (D:1)
17 creatures vanquished.

Vanquished Creatures (others)
  53 foxfires
  2 fungi (D:1)
  2 toadstools (D:1)
57 creatures vanquished.

Grand Total: 74 creatures vanquished

Notes
Turn   | Place    | Note
-------+----------+-------------------------------------------
     0 | D:1      | kaeus the Octopode Fire Elementalist began the quest for
                  | the Orb.
     0 | D:1      | Reached XP level 1. HP: 11/11 MP: 3/3
   519 | D:1      | Reached XP level 2. HP: 17/17 MP: 0/5
  1280 | D:2      | Splashed by a jelly's acid

Illustrated notes

Levels and vault maps discovered:
D:1:      dpeg_arrival_leaves_temple_mockup, layout_basic,
          minmay_gold_behind_fungi
D:2:      layout_basic, nicolae_tso_swordbearing_angel

Skill      XL: |  1 |
---------------+----+-----
Stealth        | 3 |  3.1
Dodging        | |  2.2
Spellcasting   | |  2.2
Conjurations   | |  1.4
Fire Magic     | |  3.1

Action                   || total
-------------------------++-------
Melee: Dagger            ||    28
       Constrict         ||     8
       Tentacles         ||     3
 Cast: Foxfire           ||    36
Armor: Skin              ||     3
Dodge: Dodged            ||    11
